 Dungeon Crawl Stone Soup version 0.19.4 (console) character file.

1565 itsmu the Destroyer (level 9, -3/51 HPs)
             Began as a Formicid Conjurer on Feb 1, 2017.
             Was a Follower of Hepliaklqana.
             Killed from afar by Squonk's ghost (32 damage)
             ... with an orb of energy
             ... on level 6 of the Dungeon.
             The game lasted 00:25:31 (8065 turns).

itsmu the Destroyer (Formicid Conjurer)             Turns: 8065, Time: 00:25:33

Health: -3/51      AC:  4    Str: 14    XL:     9   Next: 13%
Magic:  9/26       EV: 12    Int: 17    God:    Hepliaklqana [*.....]
Gold:   268        SH:  0    Dex: 11    Spells: 4 memorised, 9 levels left

rFire  . . .     SeeInvis +     E - +1 war axe {flame, *Contam MR+ MP+9} (curse)
rCold  . . .     Gourm    .     d - +0 robe
rNeg   . . .     Faith    .     (no shield)
rPois  .         Spirit   .     (helmet unavailable)
rElec  .         Reflect  .     (no cloak)
rCorr  .         Harm     .     D - +1 pair of gloves
MR     +....                    (no boots)
Stlth  ++........               (no amulet)
                                (no ring)
                                (no ring)

@: no status effects
A: permanent stasis, dig shafts and tunnels, four strong arms, reduced essence,
antennae 3
a: Dig, Shaft Self, Recall Ancestor, Ancestor Identity, Renounce Religion


You were on level 6 of the Dungeon.
You worshipped Hepliaklqana.
Hepliaklqana was aware of your devotion.
You were very hungry.

You visited 1 branch of the dungeon, and saw 6 of its levels.

You collected 268 gold pieces.

Inventory:

Hand Weapons
 a - a +1 dagger of venom
   (You took it off a goblin on level 1 of the Dungeon)
 b - a +0 blowgun
   (You took it off a kobold on level 3 of the Dungeon)
 E - the cursed +1 war axe "Vaocvaol" (weapon) {flame, *Contam MR+ MP+9}
   (You found it on level 4 of the Dungeon)

   It has been specially enchanted to burn those struck by it, causing extra
   injury to most foes and up to half again as much damage against particularly
   susceptible opponents.
   Big, fiery blades are also staple armaments of hydra-hunters.
   It affects your resistance to hostile enchantments.
   It affects your magic capacity (+9).
   It causes magical contamination when unequipped.
   It has a curse placed upon it.
Missiles
 q - 10 curare-tipped needles
 u - 61 poisoned needles
Armour
 d - a +0 robe (worn)
 k - a +2 large shield
   (You found it on level 3 of the Dungeon)
 D - a +1 pair of gloves (worn)
   (You found it on level 4 of the Dungeon)
Rods
 w - a +3 rod of shadows (11/11)
   (You found it on level 4 of the Dungeon)
Jewellery
 l - an uncursed ring of protection from fire {unknown}
   (You found it on level 6 of the Dungeon)
 n - an uncursed ring of protection from fire {unknown}
   (You found it on level 2 of the Dungeon)
 v - a cursed ring of teleportation {unknown}
   (You found it on level 4 of the Dungeon)
 x - a cursed ring of loudness {unknown}
   (You took it off a kobold on level 3 of the Dungeon)
 y - an uncursed amulet of harm {unknown}
   (You found it on level 5 of the Dungeon)
Wands
 h - a wand of confusion (4/48)
   (You found it on level 2 of the Dungeon)
Scrolls
 j - 2 scrolls of fog
Potions
 e - 2 potions of cancellation
 f - a potion of might
 m - a potion of berserk rage {unknown}
 o - 3 potions of curing
 p - 2 potions of ambrosia {unknown}
 r - a potion of brilliance {unknown}
 z - a potion of flight {unknown}
 A - 2 potions of agility {unknown}
 B - 2 potions of heal wounds {unknown}
 C - 2 potions of lignification {unknown}
Books
 t - a book of Conjurations

   Spells                             Type                      Level
   a - Magic Dart                     Conjuration                  1
   b - Searing Ray                    Conjuration                  2
   c - Dazzling Spray                 Conjuration/Hexes            3
   d - Fulminant Prism                Conjuration/Hexes            4
   e - Iskenderun's Mystic Blast      Conjuration                  4
   f - Iskenderun's Battlesphere      Conjuration/Charms           5
Comestibles
 c - 4 bread rations
 g - 2 meat rations
 i - 3 beef jerkies


   Skills:
 + Level 4.0 Axes
 - Level 1.7 Dodging
 - Level 2.4 Stealth
 + Level 5.9 Spellcasting
 * Level 8.4 Conjurations


You had 9 spell levels left.
You knew the following spells:

 Your Spells              Type           Power        Failure   Level  Hunger
a - Magic Dart            Conj           ####         1%          1    None
b - Searing Ray           Conj           ####..       1%          2    None
c - Dazzling Spray        Conj/Hex       ###...       10%         3    ##.....
d - Iskenderun's Mystic   Conj           ####....     6%          4    ####...


Dungeon Overview and Level Annotations

Branches:
Dungeon (6/15)
 Temple: D:4-7

Altars:
Fedhas
Hepliaklqana
Ru
Trog
Vehumet
Yredelemnul

Annotations:
D:6 Squonk's ghost, novice DgWn


Innate Abilities, Weirdness & Mutations

You are under a permanent stasis effect.
You can dig through walls and to a lower floor.
Your four strong arms can wield two-handed weapons with a shield.
You have a pair of large antennae on your head. (SInv)
Your life essence is reduced. (-10% HP)


Message History

Aiming: Iskenderun's Mystic Blast
Press: ? - help, Shift-Dir - straight line, f/p - Squonk's ghost
Aim: Squonk's ghost, wielding a weapon of electrocution (heavily damaged)
The orb of energy hits Squonk's ghost.
Squonk's ghost is severely damaged.
Squonk's ghost casts a spell at you. The orb of energy hits you!
Casting: Iskenderun's Mystic Blast
Confirm with . or Enter, or press ? or * to list all spells.
Aiming: Iskenderun's Mystic Blast
Press: ? - help, Shift-Dir - straight line, f/p - Squonk's ghost
Aim: Squonk's ghost, wielding a weapon of electrocution (severely damaged)
The orb of energy hits Squonk's ghost.
Squonk's ghost is almost destroyed.
The orb of energy explodes!
You are feeling very hungry.
Squonk's ghost casts a spell at you. The orb of energy hits you!
Ouch! That really hurt!
You die...

##.####..####..##.##..{####..##
#.....#...................'....
#.....#...................#....
#........................^#...>
##...#..#####..##.####..).#....
########..##..##'###.##.######
#......<...W..##.##
#......)........##
#......a......###
##..##..##...## #############


You could see Squonk's ghost.

Vanquished Creatures
  Grinder (D:5)
  2 ice beasts (D:5)
  A hornet zombie (D:6)
  An ogre (D:5)
  2 crimson imps (D:5)
  A jelly (D:4)
  3 orc priests
  2 hounds (D:5)
  2 orc wizards
  Terence (D:2)
  3 iguanas
  4 worker ants
  A worker ant zombie (D:6)
  5 adders
  4 gnolls
  2 oozes
  An adder skeleton (D:6)
  3 worms (D:2)
  2 dart slugs
  2 leopard geckos
  13 orcs
  7 giant cockroaches
  16 goblins
  11 hobgoblins
  8 jackals
  A quokka (D:5)
  2 ball pythons
  4 bats
  9 frilled lizards
  11 kobolds
  A leopard gecko skeleton (D:4)
  9 rats
135 creatures vanquished.

Vanquished Creatures (collateral kills)
  An ogre (D:4)
  A bullfrog zombie (D:5)
  A hound (D:4)
  A centaur skeleton (D:4)
  An orc priest (D:5)
  An iguana (D:5)
  3 gnolls
  2 adders
  8 orcs
19 creatures vanquished.

Vanquished Creatures (others)
  4 ancestors
4 creatures vanquished.

Grand Total: 158 creatures vanquished

Notes
Turn   | Place    | Note
-------+----------+-------------------------------------------
     0 | D:1      | itsmu the Formicid Conjurer began the quest for the Orb.
     0 | D:1      | Reached XP level 1. HP: 13/13 MP: 3/3
   456 | D:1      | Reached XP level 2. HP: 19/19 MP: 0/5
   535 | D:1      | Learned a level 2 spell: Searing Ray
   547 | D:1      | Reached skill level 4 in Conjurations
  1096 | D:1      | Reached XP level 3. HP: 8/24 MP: 2/6
  2159 | D:2      | Noticed Terence
  2203 | D:2      | Found a faded altar of an unknown god.
  2230 | D:2      | Killed Terence
  2230 | D:2      | Reached XP level 4. HP: 29/30 MP: 5/8
  2258 | D:2      | Learned a level 3 spell: Dazzling Spray
  2868 | D:2      | Reached skill level 5 in Conjurations
  2921 | D:2      | Reached XP level 5. HP: 33/35 MP: 9/9
  3499 | D:3      | Found a hazy altar of Hepliaklqana.
  3547 | D:3      | Found a sacrificial altar of Ru.
  3654 | D:3      | Found a basalt altar of Yredelemnul.
  3847 | D:3      | Reached XP level 6. HP: 26/41 MP: 6/11
  4014 | D:3      | Found a radiant altar of Vehumet.
  4460 | D:3      | Became a worshipper of Hepliaklqana the Forgotten
  4480 | D:4      | Identified a +1 rod of shadows (10/10) (You found it on level 4 of the Dungeon)
  4542 | D:4      | Reached skill level 6 in Conjurations
  4585 | D:4      | Learned a level 4 spell: Iskenderun's Mystic Blast
  4745 | D:4      | Got a pitted war axe
  4746 | D:4      | Identified the cursed +1 war axe "Vaocvaol" {flame, *Contam MR+ MP+9} (You found it on level 4 of the Dungeon)
  4935 | D:4      | Reached XP level 7. HP: 38/41 MP: 13/13
  5229 | D:4      | Reached skill level 1 in Axes
  5796 | D:4      | Found a blossoming altar of Fedhas.
  5796 | D:4      | Found a bloodstained altar of Trog.
  5894 | D:5      | Entered Level 5 of the Dungeon
  5923 | D:5      | Reached * piety under Hepliaklqana
  5994 | D:5      | Reached skill level 7 in Conjurations
  5994 | D:5      | Reached XP level 8. HP: 34/46 MP: 13/15
  6134 | D:5      | Reached skill level 5 in Spellcasting
  6601 | D:6      | Noticed Squonk's ghost (novice DgWn)
  6607 | D:5      | . . .
  6870 | D:5      | great
  7207 | D:6      | Reached skill level 8 in Conjurations
  7352 | D:6      | Noticed Grinder
  7373 | D:5      | Killed Grinder
  7373 | D:5      | Reached XP level 9. HP: 41/51 MP: 15/17
  7697 | D:5      | jfc
  8065 | D:6      | Killed from afar by Squonk's ghost

Skill      XL: |  1  2  3  4  5  6  7  8  9 |
---------------+----------------------------+-----
Conjurations   | 4 5 6 7 8 |  8.4
Spellcasting   | 3 4 5 |  5.9
Axes           | 2 3 4 |  4.0
Dodging        | |  1.7
Stealth        | |  2.4

Action                   |  1- 3 |  4- 6 |  7- 9 || total
-------------------------+-------+-------+-------++-------
Melee: Hand axe          |    13 |       |       ||    13
       Dagger            |    12 |    35 |       ||    47
       War axe           |       |     2 |    17 ||    19
 Cast: Magic Dart        |    67 |   107 |   109 ||   283
       Searing Ray       |     2 |    13 |    14 ||    29
       Iskenderun's Myst |       |       |    16 ||    16
Invok: Ancestor Identity |       |     1 |       ||     1
       Recall Ancestor   |       |       |     1 ||     1
 Abil: Dig               |       |     2 |     9 ||    11
Evoke: Wand              |     3 |       |     4 ||     7
       Rod               |       |     1 |       ||     1
  Use: Scroll            |     5 |     4 |     2 ||    11
       Potion            |       |     1 |       ||     1
  Eat: Chunk             |     5 |     9 |    11 ||    25
       Royal jelly       |       |       |     1 ||     1
Armor: Robe              |     5 |     5 |    13 ||    23
Dodge: Dodged            |    18 |    40 |    38 ||    96
